AoeStats
← ROMA

Arena

510469447Analyzed
4v4 RM · 2d ago on Oct 1, 2026· 46m 16s· 8 players
Game mode
Random Map
Map size
Large (8 player)
Population
200
Speed
Normal
Resources
Standard
Victory
Conquest
Starting age
Dark Age
Ending age
Imperial Age
RankedLock teamsTeams togetherTeam positionsShared explorationLock speedFull tech treeHidden civsTurbo modeCheats
Victory
Defeat
🇵🇪 Danes · Peru
796
+15
🇧🇷 Italians · Brazil
791
+15
🇺🇸 Bohemians · United States
771
+16
🇺🇸 Mongols · United States
718
+17
🇺🇸 Celts · United States
912
-74
🇺🇸 Slavs · United States
729
-34
🇺🇸 Burgundians · United States
706
-30
🇺🇸 Franks · United States
706
-30
ROMA
10:21 Feudal Age
10:47 Double-Bit Axe
11:41 Wheelbarrow
11:37 Horse Collar
13:43 Stone Mining
13:48 Gold Mining
16:09 Man-at-Arms
18:30 Padded Archer Armor
19:50 Fletching
21:07 Forging
23:35 Castle Age
24:42 Squires
26:03 Hand Cart
28:18 Scale Mail Armor
28:23 Scale Barding Armor
33:12 Chain Mail Armor
35:16 Iron Casting
38:26 Gold Shaft Mining
37:54 Caravan
38:24 Coinage
38:42 Husbandry
38:53 Bloodlines
40:22 Chain Barding Armor
djroma
11:07 Loom
12:52 Feudal Age
14:11 Double-Bit Axe
19:41 Castle Age
21:38 Husbandry
22:45 Gold Mining
36:13 Bow Saw
36:41 Gold Shaft Mining
38:06 Wheelbarrow
37:49 Scale Mail Armor
37:56 Scale Barding Armor
38:02 Forging
37:59 Caravan
43:18 Iron Casting
43:07 Chain Mail Armor
Jonaayy
10:38 Double-Bit Axe
10:56 Horse Collar
11:55 Gold Mining
12:44 Wheelbarrow
17:05 Feudal Age
17:48 Stone Mining
18:57 Bow Saw
18:50 Heavy Plow
22:28 Gold Shaft Mining
22:32 Stone Shaft Mining
27:29 Castle Age
Sikkassfoo9
14:37 Feudal Age
16:08 Wheelbarrow
15:17 Horse Collar
15:28 Double-Bit Axe
20:14 Town Watch
24:59 Castle Age
23:45 Forging
23:35 Scale Mail Armor
23:41 Scale Barding Armor
23:27 Fletching
23:37 Padded Archer Armor
24:29 Man-at-Arms
25:42 Pikeman
28:18 Hand Cart
30:00 Caravan
30:06 Gold Mining
30:08 Stone Mining
29:52 Long Swordsman
46:38 Imperial Age
Boundless316
2:34 Loom
10:21 Feudal Age
11:40 Wheelbarrow
10:55 Double-Bit Axe
10:53 Horse Collar
18:45 Castle Age
19:55 Hand Cart
20:22 Bow Saw
20:35 Heavy Plow
32:03 Imperial Age
30:46 Ballistics
31:29 Chemistry
30:50 Ballistics
30:46 Fortified Wall
33:17 Conscription
32:49 Town Watch
33:01 Fletching
33:12 Padded Archer Armor
33:12 Scale Mail Armor
33:23 Forging
33:25 Siege Engineers
34:28 Two-Man Saw
34:21 Caravan
34:56 Coinage
35:13 Guilds
35:13 Town Patrol
35:24 Bodkin Arrow
35:47 Masonry
37:07 Bracer
37:24 Chain Mail Armor
37:46 Banking
37:12 Pikeman
37:53 Squires
40:05 Plate Mail Armor
40:11 Iron Casting
40:03 Leather Archer Armor
40:15 Murder Holes
43:29 Blast Furnace
43:01 Ring Archer Armor
43:13 Architecture
42:57 Fortified Wall
43:22 Wagenburg Tactics
43:49 Man-at-Arms
43:51 Halberdier
44:19 Arson
44:43 Houfnice
Carpeado BR
0:29 Loom
10:41 Feudal Age
15:25 Castle Age
13:33 Double-Bit Axe
13:51 Horse Collar
15:53 Gold Mining
18:37 Elite Skirmisher
26:13 Fletching
30:20 Bow Saw
30:53 Wheelbarrow
31:09 Squires
32:15 Heavy Plow
38:59 Imperial Age
37:24 Stone Mining
39:02 Ballistics
38:55 Fortified Wall
39:02 Treadmill Crane
39:35 Masonry
40:02 Bodkin Arrow
40:08 Padded Archer Armor
41:31 Two-Man Saw
41:44 Hand Cart
41:33 Town Watch
42:51 Pirotechnia
43:37 Stone Shaft Mining
43:49 Crop Rotation
44:21 Husbandry
44:32 Bloodlines
Dora Explora
7:48 Loom
9:34 Feudal Age
10:33 Double-Bit Axe
10:29 Horse Collar
10:44 Gold Mining
15:54 Wheelbarrow
20:04 Castle Age
23:13 Heavy Plow
26:29 Bow Saw
26:17 Stone Mining
27:46 Hand Cart
28:16 Gold Shaft Mining
33:42 Husbandry
33:53 Bloodlines
33:50 Padded Archer Armor
33:41 Fletching
36:39 Imperial Age
34:35 Pikeman
35:16 Squires
35:33 Leather Archer Armor
35:13 Bodkin Arrow
35:46 Ballistics
35:38 Fortified Wall
35:24 Murder Holes
36:40 Stone Shaft Mining
36:13 Caravan
36:36 Scale Mail Armor
36:47 Forging
37:05 Nomads
37:24 Bracer
38:29 Chemistry
37:16 Elite Mangudai
38:22 Drill
38:24 Conscription
38:41 Hoardings
38:25 Chain Mail Armor
40:06 Siege Engineers
39:25 Onager
41:53 Siege Onager
43:22 Iron Casting
Felix
12:11 Feudal Age
13:40 Wheelbarrow
12:56 Double-Bit Axe
20:29 Castle Age
19:47 Gold Mining
19:40 Horse Collar
20:59 Stone Mining
23:27 Forging
26:54 Bow Saw
27:05 Scale Mail Armor
32:18 Pikeman
39:01 Iron Casting
38:42 Chain Mail Armor
43:16 Caravan
43:54 Heavy Plow
Connection lost

Rejoining the realm…

Still unreachable

The connection could not be restored.

Session expired

The server has moved on; the page needs a fresh start.